 Dungeon Crawl Stone Soup version 0.24-a0-446-g87df7205b4 (webtiles) character file.

Game seed: 6781367505360925218

3752 Arthanis the Arsonist (level 9, -5/45 HPs)
             Began as a Deep Elf Fire Elementalist on June 24, 2019.
             Was a Believer of Vehumet.
             Slain by a worker ant (6 damage)
             ... on level 7 of the Dungeon.
             The game lasted 00:20:12 (6055 turns).

Arthanis the Arsonist (Deep Elf Fire Elementalist)  Turns: 6055, Time: 00:20:13

Health: -5/45      AC:  7    Str:  5    XL:     9   Next: 93%
Magic:  11/32      EV: 13    Int: 24    God:    Vehumet [**....]
Gold:   243        SH:  0    Dex: 15    Spells: 9/25 levels left

rFire    . . .     SeeInvis .   n - +4 scythe
rCold    . . .     Gourm    .   (shield currently unavailable)
rNeg     + . .     Faith    .   E - +2 robe {rN+}
rPois    .         Spirit   .   A - +0 helmet
rElec    .         Reflect  .   (no cloak)
rCorr    +         Harm     .   i - +0 pair of gloves
MR       .....                  B - +0 pair of boots
Stlth    ++........             (no amulet)
HPRegen  0.15/turn              l - ring of magical power
MPRegen  0.23/turn              e - ring of resist corrosion

@: no status effects
A: no striking features
a: Renounce Religion


You were on level 7 of the Dungeon.
You worshipped Vehumet.
Vehumet was pleased with you.
You were near starving.

You visited 2 branches of the dungeon, and saw 9 of its levels.
You also visited: Sewer.

You collected 489 gold pieces.
You spent 246 gold pieces at shops.

Inventory:

Hand Weapons
 d - a +0 dagger
 m - a +3 dagger
 n - a +4 scythe (weapon)
 p - a +0 trident
 v - a +2 morningstar of protection
Armour
 a - a +0 robe
 i - a +0 pair of gloves (worn)
 A - a +0 helmet (worn)
 B - a +0 pair of boots (worn)
 C - a +0 scale mail of cold resistance
 E - a +2 robe of positive energy (worn)
 F - a +2 buckler of reflection
Jewellery
 e - a ring of resist corrosion (right hand)
 l - a ring of magical power (left hand)
Scrolls
 b - 2 scrolls of teleportation
 f - 2 scrolls of magic mapping
 g - 4 scrolls of remove curse
 h - a scroll of fear
 j - a scroll of enchant weapon
 r - a scroll of fog
 y - a scroll of noise
 H - 3 scrolls of random uselessness {unknown}
 I - a scroll of immolation {unknown}
Potions
 k - 2 potions of resistance
 o - 5 potions of berserk rage
 q - 2 potions of agility
 s - a potion of invisibility {unknown}
 t - a potion of lignification {unknown}
 u - a potion of degeneration {unknown}
 w - 2 potions of mutation {unknown}
 x - a potion of flight {unknown}
 z - a potion of curing
 D - a potion of magic {unknown}
Comestibles
 c - 11 rations
 G - 13 chunks of flesh


   Skills:
 - Level 2.4 Dodging
 - Level 2.4 Stealth
 + Level 8.8 Spellcasting
 * Level 9.9 Conjurations
 * Level 10.4 Fire Magic


You had 9 spell levels left.
You knew the following spells:

 Your Spells              Type           Power        Failure   Level  Hunger
a - Flame Tongue          Conj/Fire      #####        1%          1    None
b - Conjure Flame         Conj/Fire      ######..     1%          3    None
c - Sticky Flame          Conj/Fire      ######..     1%          4    ##.....
d - Fireball              Conj/Fire      ######....   2%          5    ####...
e - Shock                 Conj/Air       ####         1%          1    None
f - Blink                 Tloc           N/A          9%          2    None

Your spell library contained the following spells:

 Spells                   Type           Power        Failure   Level  Hunger
 Static Discharge         Conj/Air       ####....     2%          3    None
 Magic Dart               Conj           ####         1%          1    None
 Searing Ray              Conj           ######       1%          2    None
 Throw Flame              Conj/Fire      ######       1%          2    None
 Inner Flame              Hex/Fire       #####...     1%          3    None
 Iskenderun's Mystic Bla  Conj           ######..     1%          4    ##.....
 Dazzling Spray           Conj/Hex       ####..       2%          3    None
 Summon Butterflies       Summ           ##......     6%          1    None
 Force Lance              Conj/Tloc      ####....     8%          4    ##.....
 Fulminant Prism          Conj/Hex       ####......   8%          4    ##.....
 Summon Guardian Golem    Hex/Summ       ##......     19%         3    None
 Summon Lightning Spire   Summ/Air       ##......     52%         4    ##.....
 Summon Forest            Summ/Tloc      ##........   86%         5    ####...


Dungeon Overview and Level Annotations

Branches:
Dungeon (8/15)             Temple (1/1) D:5
   Lair: D:8-11

Altars:
Ashenzari
Cheibriados
Dithmenos
Gozag
Kikubaaqudgha
Makhleb
Nemelex Xobeh
Qazlal
Ru
Sif Muna
Trog
Uskayaw
Vehumet
Xom
Zin
The Shining One

Shops:
D:8 [

Annotations:
D:7 Harold
D:8 Maurice


Message History

Things that are here:
a +2 scimitar of flaming; a +0 robe
Found 24 sling bullets.
Maurice zaps a wand.
The mass of ice explodes!
The iceblast engulfs you!
Maurice zaps a wand.
The mass of ice explodes!
The iceblast engulfs you.
You see here 24 sling bullets.
The crimson imp blinks!
There is a stone staircase leading up here.
Your magical contamination has completely faded away.
You climb upwards.
Level annotation: Harold Harold shouts!
The worker ant twitches its antennae in your direction.
You hear a howl!
Harold casts a spell at you. The harpoon shot misses you.
The harpoon shot hits the worker ant.
The ogre hits you with a +0 giant club!
* * * LOW HITPOINT WARNING * * *
The worker ant misses you. Harold barely misses you. The worker ant bites you.
You die...

.....# .# #...#...
#...)# #.
..#####.###...#...
#....# #.
....##.###....##h#
#...## #.
..............##.# #...#
#.
.....#........##'###...#
#.
.....#.....#......######
#.
...........#............
#.
...........#..@O........
#.
..##............@.......
#(
..##.......#####.a......
###. ..##.......#
#........ #.#.
..##.......#
###############.#.
..##.......#
#............
..##.......#
#.##########.
####.......# #.#
#....... #.......#
######.# #.######
#......# #.#


You could see Harold, an ogre, a howler monkey (wandering) and a worker ant.

Vanquished Creatures
  Erica (D:8)
  Sigmund (D:2)
  A yak (D:8)
  An acid dragon (D:8)
  A water moccasin (D:8)
  A sky beast (D:8)
  5 ice beasts
  A phantom (D:8)
  An ogre (D:7)
  A crocodile (Sewer)
  2 big kobolds (D:7)
  4 bullfrogs
  3 scorpions
  3 howler monkeys
  A bullfrog zombie (D:6)
  4 crimson imps
  2 jellies
  2 orc priests
  4 hounds
  3 centaur skeletons
  6 orc wizards
  2 bullfrog skeletons
  5 worker ants
  A hound zombie (D:8)
  3 hound skeletons
  9 adders
  A river rat (D:4)
  2 adder zombies
  3 worms
  A dart slug (D:1)
  5 leopard geckos
  30 orcs
  2 ball pythons
  8 giant cockroaches
  5 goblins
  13 hobgoblins
  12 jackals
  A quokka (D:5)
  17 bats
  4 frilled lizards
  2 jackal skeletons
  15 kobolds
  A leopard gecko skeleton (D:6)
  5 rats
195 creatures vanquished.

Notes
Turn   | Place    | Note
-------+----------+-------------------------------------------
     0 | D:1      | Arthanis the Deep Elf Fire Elementalist began the quest for
                  | the Orb.
     0 | D:1      | Reached XP level 1. HP: 10/10 MP: 6/6
    81 | D:1      | You fall into a shaft and drop 1 floor!
   118 | D:2      | Reached XP level 2. HP: 2/15 MP: 0/8
   953 | D:2      | Reached XP level 3. HP: 17/19 MP: 6/9
   961 | D:2      | Learned a level 3 spell: Conjure Flame
  1096 | D:2      | Noticed Sigmund
  1120 | D:2      | Noticed a scorpion
  1127 | D:2      | Killed a scorpion
  1127 | D:2      | Reached skill level 4 in Fire Magic
  1127 | D:2      | Reached XP level 4. HP: 9/24 MP: 2/11
  1147 | D:2      | Learned a level 4 spell: Sticky Flame
  1593 | D:3      | Reached XP level 5. HP: 16/28 MP: 6/13
  2124 | D:4      | Reached skill level 5 in Fire Magic
  2144 | D:4      | Found a glowing drain.
  2212 | Sewer    | Entered a sewer
  2238 | Sewer    | Noticed a crocodile
  2248 | Sewer    | Killed a crocodile
  2248 | Sewer    | Reached XP level 6. HP: 31/32 MP: 2/14
  2255 | Sewer    | Learned a level 5 spell: Fireball
  2764 | D:2      | Killed Sigmund
  2764 | D:2      | Reached skill level 5 in Spellcasting
  2764 | D:2      | Reached skill level 5 in Conjurations
  2764 | D:2      | Reached skill level 6 in Fire Magic
  2764 | D:2      | Reached XP level 7. HP: 36/36 MP: 16/16
  2893 | D:5      | Entered Level 5 of the Dungeon
  3117 | D:5      | Found a staircase to the Ecumenical Temple.
  3130 | Temple   | Entered the Ecumenical Temple
  3196 | Temple   | Became a worshipper of Vehumet
  3610 | D:5      | Reached skill level 7 in Fire Magic
  4066 | D:6      | Found a snail-covered altar of Cheibriados.
  4293 | D:6      | Reached XP level 8. HP: 41/41 MP: 19/19
  4514 | D:6      | Found a shadowy altar of Dithmenos.
  4587 | D:6      | Reached * piety under Vehumet
  4587 | D:6      | Offered knowledge of Shock by Vehumet.
  4594 | D:6      | Learned a level 1 spell: Shock
  4735 | D:7      | Reached skill level 8 in Fire Magic
  4903 | D:7      | Identified the Papyrus of the Spatial Escort
  4908 | D:7      | Learned a level 2 spell: Blink
  5038 | D:7      | Noticed Harold
  5143 | D:8      | Reached XP level 9. HP: 27/45 MP: 2/22
  5165 | D:8      | Reached skill level 9 in Fire Magic
  5323 | D:8      | Found Zuud's Antique Armour Shoppe.
  5326 | D:8      | Bought an embroidered robe for 81 gold pieces
  5326 | D:8      | Bought a shiny buckler for 165 gold pieces
  5450 | D:8      | Found a bloodstained altar of Trog.
  5472 | D:8      | Reached ** piety under Vehumet
  5472 | D:8      | Offered knowledge of Sting by Vehumet.
  5713 | D:8      | Found a sacrificial altar of Ru.
  5714 | D:8      | Found a stormy altar of Qazlal.
  5943 | D:8      | Offered knowledge of Static Discharge by Vehumet.
  5956 | D:8      | Reached skill level 10 in Fire Magic
  5987 | D:8      | Found a shattered altar of Ashenzari.
  6028 | D:8      | Noticed Erica
  6034 | D:8      | Killed Erica
  6036 | D:8      | Noticed Maurice
  6055 | D:7      | HP: 1/45 [ogre/+0 giant club (15)]
  6055 | D:7      | Slain by a worker ant

Levels and vault maps discovered:
D:1:      dpeg_arrival_renting, layout_basic
D:2:      layout_basic, uniq_sigmund
D:3:      layout_loops_ring, first_ration, minmay_misc_feat_square,
          kennysheep_generic_room_16
D:4:      layout_basic, cheibrodos_sewer_entry_sluice
D:5:      lemuel_ice_spiral_2, layout_basic, minmay_temple_entry_antechambers
D:6:      layout_basic, kennysheep_mini, cheibrodos_worm_habitat, serial_glass,
          glass_columns_a, glass_columns_c, chequers_jeans
D:7:      layout_basic, grunt_ogre_cave, uniq_harold
D:8:      layout_loops_ring, marbit_many_paths, grunt_temple_overflow_open,
          ashenzari_altar_1, serial_shops, nicolae_shop_behind_doors,
          basic_altar, kb_rosetta, uniq_maurice, uniq_erica
Temple:   eino_temple_scatter_basement

Skill      XL: |  1  2  3  4  5  6  7  8  9 |
---------------+----------------------------+-----
Conjurations   | 2 3 4 5 6 8 9 |  9.9
Fire Magic     | 4 5 6 7 8 10 | 10.4
Spellcasting   | 4 5 6 7 8 |  8.8
Dodging        | |  2.4
Stealth        | |  2.4

Action                   |  1- 3 |  4- 6 |  7- 9 || total
-------------------------+-------+-------+-------++-------
Melee: Unarmed           |     1 |       |       ||     1
       Dagger            |     1 |     8 |       ||     9
       Scythe            |       |       |    33 ||    33
 Cast: Flame Tongue      |    57 |   108 |   167 ||   332
       Conjure Flame     |       |     5 |     5 ||    10
       Sticky Flame      |       |     3 |    17 ||    20
       Fireball          |       |       |    19 ||    19
       Shock             |       |       |    40 ||    40
  Use: Scroll            |       |     7 |     5 ||    12
       Potion            |       |       |     3 ||     3
 Stab: Sleeping          |     2 |     1 |     3 ||     6
  Eat: Chunk             |       |     3 |    15 ||    18
       Ration            |       |     1 |       ||     1
Armor: Robe              |     5 |    11 |    24 ||    40
Dodge: Dodged            |    20 |    35 |    84 ||   139

Table legend:
 A = Non-vault XP
 B = Vault XP
 C = Vault XP percentage of total XP
 D = Non-vault monster count
 E = Vault monster count
 F = Vault count percentage of total count
                 A         B        C        D         E       F
            +---------+---------+-------+---------+---------+-------
      Total |    3695 |    1666 |  31.1 |     177 |      18 |   9.2
            +---------+---------+-------+---------+---------+-------
        D:1 |      30 |       0 |   0.0 |      17 |       0 |   0.0
        D:2 |      88 |     223 |  71.7 |      13 |       1 |   7.1
        D:3 |     105 |       2 |   1.9 |      34 |       1 |   2.9
        D:4 |     163 |      22 |  11.9 |      16 |       4 |  20.0
        D:5 |     558 |       0 |   0.0 |      21 |       0 |   0.0
        D:6 |     497 |       5 |   1.0 |      17 |       1 |   5.6
        D:7 |     988 |       0 |   0.0 |      27 |       0 |   0.0
        D:8 |    1266 |    1299 |  50.6 |      32 |       5 |  13.5
      Sewer |       0 |     115 | 100.0 |       0 |       6 | 100.0
            +---------+---------+-------+---------+---------+-------
